 Dungeon Crawl Stone Soup version 0.27-a0-1149-g4505690ab0 (webtiles) character file.

Game seed: 782599515489152454

42 Lanoc the Grasshopper (level 3, -3/28 HPs)
             Began as a Demonspawn Warper on May 12, 2021.
             Slain by Terence
             ... wielding a +0 mace
              (8 damage)
             ... on level 1 of the Dungeon.
             The game lasted 00:01:32 (1176 turns).

Lanoc the Grasshopper (Demonspawn Warper)           Turns: 1176, Time: 00:01:33

Health: -3/28      AC:  3    Str: 11    XL:     3   Next: 35%
Magic:  6/6        EV: 12    Int: 15    God:
Gold:   15         SH:  0    Dex: 12    Spells: 6/6 levels left

rFire    . . .     SeeInvis .   a - +0 spear
rCold    . . .     Faith    .   (no shield)
rNeg     . . .     Spirit   .   b - +0 leather armour
rPois    .         Reflect  .   (no helmet)
rElec    .         Harm     .   (no cloak)
rCorr    .         Rampage  .   (no gloves)
Will     .....                  (no boots)
Stlth    +.........             (no amulet)
HPRegen  0.09/turn              (no ring)
MPRegen  0.10/turn              (no ring)

@: no status effects
A: talons 1, sturdy frame 1
a: no special abilities


You were on level 1 of the Dungeon.
You visited 1 branch of the dungeon, and saw 2 of its levels.

You collected 15 gold pieces.

Inventory:

Hand Weapons
 a - a +0 spear (weapon)
Armour
 b - a +0 leather armour (worn)
Jewellery
 h - an amulet of faith
Scrolls
 d - a scroll of blinking
 f - a scroll of teleportation {unknown}
 i - a scroll of enchant weapon {unknown}
Potions
 c - 2 potions of might {unknown}
 g - 2 potions of flight {unknown}


   Skills:
 + Level 2.4 Fighting
 * Level 2.6 Polearms
 - Level 0.8 Throwing
 - Level 0.8 Armour
 + Level 2.2 Dodging
 - Level 2.0 Spellcasting
 + Level 3.0 Translocations


You had 6 spell levels left.
You didn't know any spells.
Your spell library contained the following spells:

 Spells                   Type           Power      Damage    Failure   Level
 Blink                    Tloc           N/A        N/A       11%         2
 Gell's Gravitas          Tloc           5%         N/A       21%         3
 Lesser Beckoning         Tloc           5%         N/A       21%         3
 Teleport Other           Tloc           10%        N/A       21%         3
 Manifold Assault         Tloc           10%        N/A       88%         5


Dungeon Overview and Level Annotations

Branches:
Dungeon (2/15)

Altars:

Annotations:
D:1 Terence


Innate Abilities, Weirdness & Mutations

You have sharp toenails.
Your movements are slightly less encumbered by armour. (ER -2)


Message History

The boomerang of dispersal hits Terence.
Terence blinks!
Terence is moderately wounded.
Terence closely misses you.
There is a stone staircase leading up here.
You climb upwards.
There is a stone staircase leading down here.
Throw: 4 boomerangs (disperse)
Press: ? - help, Q - select action Shift-Dir - straight line, f - Terence
Aim: Terence, wielding a +0 mace and wearing a +0 scale mail (moderately wounded, 61% to hit)
You throw a boomerang of dispersal.
The boomerang of dispersal barely misses Terence.
Terence barely misses you.
Terence asks, "Do you want it fast or slow?"
Terence hits you with a +0 mace!
* * * LOW HITPOINT WARNING * * *
Throw: 3 boomerangs (disperse)
Press: ? - help, Q - select action Shift-Dir - straight line, f/p - Terence
Aim: Terence, wielding a +0 mace and wearing a +0 scale mail (moderately wounded, 61% to hit)
You throw a boomerang of dispersal.
The boomerang of dispersal closely misses Terence.
Terence hits you with a +0 mace.
* * * LOW HITPOINT WARNING * * *
Throw: 2 boomerangs (disperse)
Press: ? - help, Q - select action Shift-Dir - straight line, f/p - Terence
Aim: Terence, wielding a +0 mace and wearing a +0 scale mail (moderately wounded, 61% to hit)
You throw a boomerang of dispersal.
The boomerang of dispersal barely misses Terence.
Terence closely misses you.
Throw: boomerang (disperse)
Press: ? - help, Q - select action Shift-Dir - straight line, f/p - Terence
Aim: Terence, wielding a +0 mace and wearing a +0 scale mail (moderately wounded, 61% to hit)
You throw a boomerang of dispersal.
The boomerang of dispersal closely misses Terence.
Terence hits you with a +0 mace.
* * * LOW HITPOINT WARNING * * *
Terence closely misses you.
Terence says, "Time to say good-bye..."
Terence hits you with a +0 mace!
You die...

######.##.########
#......##...)....#
#.###....#######.###### #.#
#....#### #.)....#
#####.###.......# ######.#
#.......#.......# #.#
#.#.....#.......# #.#
##.#.............#########.#
##
...............@@.........>#
#.
##.#.......###...####.######
#. ##.#.......# #...# #.# #.
...........# #...# #.# #.
##.####....# #...# #.# #.
#.# #.#############.# #. #.#
#.'...≈≈≈≈≈...'.# #. #.#
#.##..#####..##.# #. ##.#
#)#..♣♣P>P♣♣..#.# #.


You could see Terence.

Vanquished Creatures
  2 gnolls (D:1)
  2 dart slugs (D:1)
  3 endoplasms (D:1)
  A giant cockroach (D:1)
  3 goblins (D:1)
  A kobold (D:1)
  2 ball pythons (D:1)
  2 bats (D:1)
  A frilled lizard (D:1)
  A rat (D:1)
18 creatures vanquished.

Notes
Turn   | Place    | Note
-------+----------+-------------------------------------------
     0 | D:1      | Lanoc the Demonspawn Warper began the quest for the Orb.
     0 | D:1      | Reached XP level 1. HP: 16/16 MP: 3/3
    96 | D:1      | Gained mutation: You have sharp toenails. [demonic
                  | ancestry]
    96 | D:1      | Reached XP level 2. HP: 10/22 MP: 5/5
   649 | D:1      | Gained mutation: Your movements are slightly less
                  | encumbered by armour. (ER -2) [demonic ancestry]
   649 | D:1      | Reached XP level 3. HP: 17/28 MP: 6/6
   815 | D:1      | Reached skill level 3 in Translocations
  1121 | D:2      | Noticed Terence
  1176 | D:1      | Slain by Terence

Illustrated notes

Levels and vault maps discovered:
D:1:      tarquinn_simple_flora_water_b, layout_basic
D:2:      layout_basic, minmay_cut_off, uniq_sigmund, uniq_terence

Skill      XL: |  1  2  3 |
---------------+----------+-----
Polearms       | 2 |  2.6
Dodging        | 2 |  2.2
Translocations | 3 |  3.0
Fighting       | |  2.4
Throwing       | |  0.8
Armour         | |  0.8
Spellcasting   | |  2.0

Action                   || total
-------------------------++-------
Melee: Spear             ||    74
       Kick              ||     4
Throw: Boomerang         ||     5
Armor: Leather armour    ||     6
Dodge: Dodged            ||    41

Table legend: (Time is in decaauts)
 A = Elapsed time spent in this place.
 B = Non-inter-level travel time spent in this place.
 C = Inter-level travel time spent in this place.
 D = Time resting spent in this place.
 E = Time spent auto-exploring this place.
 F = Levels seen in this place.
 G = Mean time per level.
                   A        B        C        D        E       F      G
               +--------+--------+--------+--------+--------+-----+--------+
         Total |   1177 |   1095 |     82 |      0 |    911 |   2 |  588.5 |
       Dungeon |   1177 |   1095 |     82 |      0 |    911 |   2 |  588.5 |
               +--------+--------+--------+--------+--------+-----+--------+

Top non-repeatable levels by time:
     D:1: 1157 daAuts
     D:2: 19 daAuts
